Map: Triton LE

Players

TheBaffler

  • Race: Zerg Zerg
  • Spawn Location: 11:00

ViBE - Winner!

  • Race: Terran Terran
  • League: Diamond
  • Spawn Location: 5:00

VOD

Have the link to the VOD?

Description

Time

  • Played on: Dec. 23, 2019, 2:26 a.m.
  • Length: 16:25
Show
View Real Time Build Order
Export as new Build Order

TheBaffler Zerg 

Build Orders: 3 Hatch before Pool 

Get SALT Encoding   

  12  0:01  Drone  
  13  0:08  Drone  
  14  0:16  Overlord  
  14  0:25  Extractor, Drone  
  15  0:36  Drone x2  
  17  0:46  Drone  
  18  0:58  Hatchery  
  18  1:01  Drone  
  18  1:06  Drone  
  19  1:29  Hatchery  
  19  1:30  Drone x2  
  20  1:43  Spawning Pool  
  19  1:48  Overlord  
  19  1:53  Drone  
  20  2:02  Overlord  
  20  2:11  Drone x2  
  20  2:14  Extractor  
  21  2:22  Drone x2  
  24  2:34  Zergling x4, Queen  
  24  2:35  Queen  
  30  2:42  Drone  
  30  2:43  Drone  
  32  2:58  Drone x2  
  33  3:06  Drone x2  
  35  3:19  Spore Crawler  
  33  3:21  Drone x2  
  33  3:25  Extractor, Queen  
  33  3:26  Extractor, Drone  
  38  3:27  Drone x2  
  39  3:38  Roach Warren  
  38  3:45  Drone x3  
  38  3:46  Drone x2  
  43  3:53  Evolution Chamber  
  42  3:56  Evolution Chamber  
  42  4:01  Extractor  
  41  4:10  Overlord  
  41  4:14  Drone x8  
  49  4:20  Extractor  
  48  4:27  Roach  
  48  4:30  Roach x2  
  54  4:38  Drone x4  
  56  4:49  Extractor x2  
  54  4:53  Drone x4  
  58  5:04  Spine Crawler, Overlord x4  
  59  5:08  Metabolic Boost  
  59  5:19  Lair  
  59  5:22  Zerg Melee Weapons Level 1  
  59  5:24  Drone x8  
  67  5:39  Roach x2  
  71  5:44  Drone x2  
  71  5:45  Overlord x2  
  71  5:48  Drone x4  
  77  5:53  Roach  
  77  5:54  Roach  
  72  6:04  Roach x3  
  72  6:09  Roach  
  72  6:10  Roach x3  
  79  6:16  Glial Reconstitution  
  75  6:19  Roach  
  75  6:20  Roach x3  
  81  6:30  Zergling x8  
  81  6:31  Zergling x6  
  84  6:40  Zergling x8  
  84  6:45  Zergling x2  
  89  6:47  Infestation Pit  
  89  6:49  Drone  
  85  7:04  Roach x5  
  85  7:05  Roach x2  
  85  7:06  Hatchery, Extractor  
  85  7:07  Overlord  
  94  7:08  Extractor  
  88  7:20  Roach x4  
  85  7:34  Roach x6  
  93  7:41  Drone x3  
  92  7:46  Zerg Missile Weapons Level 1  
  93  7:51  Drone x2  
  93  7:52  Queen  
  96  7:58  Pathogen Glands  
  96  8:04  Drone x4  
  100  8:09  Overlord  
  100  8:16  Extractor  
  96  8:24  Zergling x2  
  96  8:25  Zergling x14  
  89  8:32  Roach x4  
  89  8:33  Roach  
  98  8:40  Roach x3  
  97  8:49  Queen  
  97  8:52  Drone x3  
  97  8:53  Drone x2  
  97  8:55  Queen  
  106  8:56  Drone x3  
  92  9:10  Roach x5  
  92  9:11  Roach x2  
  92  9:15  Zergling x2  
  92  9:16  Zergling x2  
  98  9:19  Zergling x8  
  98  9:23  Roach x2  
  103  9:26  Infestor  
  103  9:31  Infestor  
  107  9:39  Drone x2  
  107  9:40  Extractor x2, Drone  
  108  9:47  Baneling Nest  
  108  9:49  Roach x5  
  108  9:50  Roach x2  
  119  9:58  Overlord x2  
  119  10:00  Zerg Missile Weapons Level 2  
  119  10:07  Zergling x2  
  110  10:21  Roach x11  
  124  10:30  Drone x3  
  124  10:31  Drone x5  
  132  10:37  Drone x3  
  132  10:53  Hatchery  
  131  10:59  Overlord x4  
  131  11:00  Overlord  
  77  11:35  Roach x7  
  77  11:36  Roach x5  
  91  11:44  Infestor x2  
  91  11:45  Infestor x2  
  99  11:48  Roach x3  
  99  11:54  Hatchery  
  104  11:57  Drone x2  
  106  12:01  Ravager x2  
  106  12:02  Ravager  
  106  12:05  Roach  
  106  12:06  Roach  
  113  12:17  Drone x4  
  113  12:18  Drone  
  118  12:23  Drone  
  121  12:31  Roach x6  
  121  12:32  Roach x2  
  137  12:45  Roach  
  137  12:46  Roach x6  
  144  13:03  Roach  
  144  13:04  Roach x8  
  162  13:11  Drone x6  
  168  13:19  Overlord x2  
  168  13:20  Overlord x2  
  168  13:25  Overlord x2  
  168  13:31  Zerg Ground Armor Level 1  
  145  13:54  Roach  
  145  13:55  Roach x11  
  169  14:00  Hydralisk Den  
  150  14:19  Hatchery  
  150  14:23  Ravager  
  150  14:24  Ravager x15  
  155  14:26  Zergling x14  
  155  14:27  Zergling x8  
  172  14:37  Extractor  
  171  14:38  Extractor  
  171  14:44  Hatchery  
  126  15:13  Spire  
  99  15:31  Hydralisk x9  
  99  15:32  Hydralisk x3  
  123  15:42  Lurker Den  
  122  15:50  Hydralisk x3  
  122  15:51  Hydralisk x3  
Show
View Real Time Build Order
Export as new Build Order

ViBE Terran - Winner!

Build Orders: 2 Factory, Reaper Expand 

Get SALT Encoding   

  12  0:01  SCV  
  13  0:13  SCV  
  14  0:18  Supply Depot  
  14  0:25  SCV  
  15  0:39  SCV  
  15  0:41  Barracks  
  16  0:49  Refinery  
  16  0:53  SCV  
  17  1:06  SCV  
  18  1:28  Orbital Command  
  18  1:36  Command Center  
  18  1:39  Reaper  
  19  1:57  SCV  
  20  2:04  Supply Depot  
  20  2:09  SCV  
  21  2:17  Marine  
  22  2:24  Factory  
  22  2:32  SCV  
  22  2:34  Refinery  
  23  2:37  Barracks Reactor  
  23  2:45  SCV  
  24  2:58  SCV  
  24  2:59  Orbital Command  
  25  3:08  Supply Depot  
  25  3:10  SCV  
  26  3:21  Factory  
  26  3:22  SCV  
  26  3:25  SCV  
  28  3:29  Hellion, Barracks Tech Lab  
  28  3:30  Hellion  
  28  3:31  Supply Depot  
  32  3:35  SCV  
  32  3:37  SCV  
  34  3:47  SCV  
  35  3:50  SCV  
  36  3:57  Hellion x2  
  36  3:59  SCV  
  36  4:02  SCV  
  42  4:05  Barracks Tech Lab  
  42  4:09  Supply Depot  
  42  4:11  SCV  
  42  4:12  Factory  
  42  4:14  SCV  
  42  4:16  Cyclone  
  47  4:23  SCV  
  48  4:26  SCV, Hellion x2  
  53  4:35  SCV, Supply Depot  
  53  4:38  SCV  
  55  4:47  SCV  
  55  4:50  Mag-Field Accelerator  
  56  4:53  Cyclone  
  56  4:54  Hellion x2  
  63  5:03  Supply Depot  
  63  5:10  SCV x2  
  63  5:11  Command Center  
  65  5:15  Refinery x2  
  65  5:22  SCV x2, Hellion x2  
  65  5:23  Cyclone  
  65  5:25  Cyclone  
  75  5:42  Supply Depot x2  
  75  5:43  SCV  
  75  5:44  SCV, Hellion x2  
  81  5:56  Cyclone  
  82  6:07  Cyclone  
  82  6:08  SCV, Hellion x2  
  82  6:09  SCV  
  89  6:21  SCV x2  
  89  6:28  Cyclone  
  89  6:29  Hellion x2  
  96  6:33  SCV x2, Command Center  
  96  6:39  Cyclone, Infernal Pre-Igniter  
  101  6:52  Armory x2  
  101  7:00  Cyclone  
  104  7:04  Hellion  
  104  7:05  Hellion  
  104  7:11  Cyclone  
  103  7:22  SCV x2  
  101  7:26  Hellion x2  
  105  7:32  Cyclone  
  105  7:34  SCV x2  
  108  7:43  Cyclone  
  107  7:45  Terran Ship Weapons Level 1  
  107  7:46  SCV x2, Orbital Command  
  107  7:47  Hellion x2  
  113  7:56  Terran Vehicle And Ship Armor Level 1  
  113  7:58  SCV x2  
  113  8:02  Refinery, Engineering Bay  
  113  8:03  Refinery  
  113  8:04  Cyclone  
  118  8:10  SCV  
  118  8:11  SCV, Supply Depot x2  
  120  8:12  Supply Depot  
  120  8:15  SCV, Cyclone  
  122  8:23  SCV x2  
  122  8:27  SCV  
  120  8:32  Hellion x2  
  125  8:34  Planetary Fortress  
  125  8:35  SCV x2  
  125  8:36  Cyclone  
  125  8:39  SCV  
  126  8:47  SCV x2, Cyclone  
  129  8:51  SCV  
  129  8:53  Factory  
  129  8:55  Factory  
  130  8:56  Factory  
  130  8:59  SCV x2  
  132  9:08  Cyclone, Hellion  
  132  9:09  Hellion  
  125  9:20  Cyclone  
  125  9:23  SCV x4  
  132  9:24  Refinery  
  132  9:26  Refinery  
  132  9:27  Command Center  
  132  9:30  Hellion x2  
  136  9:36  Supply Depot  
  136  9:37  Factory Reactor, Supply Depot  
  136  9:38  Supply Depot  
  136  9:39  Supply Depot, Factory Tech Lab x2  
  136  9:40  Cyclone  
  136  9:43  SCV x3  
  136  9:44  SCV  
  143  9:51  Hellion x2  
  143  9:52  Terran Ship Weapons Level 2, Cyclone  
  148  9:53  Terran Vehicle And Ship Armor Level 2  
  148  9:55  SCV  
  149  10:04  Cyclone x2  
  149  10:06  SCV  
  156  10:12  Cyclone  
  156  10:13  Hellion x2  
  144  10:24  Starport, Cyclone  
  147  10:29  Hellion  
  147  10:30  Hellion  
  147  10:34  Hellion x2  
  155  10:37  Hellion x2  
  155  10:42  Command Center  
  157  10:44  Cyclone  
  155  10:51  Hellion x2  
  155  10:55  Neosteel Armor  
  155  10:56  Cyclone  
  162  10:58  SCV x2, Cyclone x2  
  170  11:06  Command Center  
  170  11:10  Starport Tech Lab  
  170  11:15  Fusion Core  
  170  11:17  Cyclone  
  163  11:28  Cyclone  
  163  11:29  Command Center  
  153  11:33  Planetary Fortress  
  153  11:37  Refinery  
  153  11:38  Refinery  
  151  11:54  Starport x2  
  151  11:55  Starport  
  151  11:58  Starport  
  151  12:11  Terran Ship Weapons Level 3, Terran Vehicle And Ship Armor Level 3  
  151  12:12  Weapon Refit  
  151  12:16  Command Center  
  151  12:25  Cyclone  
  151  12:26  Cyclone x3, Hellion x4  
  171  12:35  Hi-Sec Auto Tracking  
  171  12:36  Starport Tech Lab  
  171  12:37  Starport Tech Lab x3  
  171  12:41  Planetary Fortress  
  171  12:48  Battlecruiser  
  177  12:57  Cyclone  
  162  13:02  Hellion  
  162  13:03  Hellion x6  
  162  13:04  Battlecruiser  
  180  13:20  Refinery  
  180  13:21  Battlecruiser  
  180  13:22  Battlecruiser  
  180  13:24  Refinery, Hellion x4  
  191  13:49  Battlecruiser  
  194  14:05  Starport x2  
  194  14:06  Starport  
  194  14:07  Starport  
  194  14:14  Factory Reactor  
  194  14:16  Battlecruiser  
  195  14:17  Battlecruiser  
  195  14:18  Hellion x2  
  195  14:22  Factory Reactor  
  199  14:31  Planetary Fortress  
  199  14:37  Factory Reactor  
  199  14:38  Factory Reactor  
  199  14:47  Refinery  
  199  14:49  Refinery  
  191  15:08  Battlecruiser  
  191  15:09  Battlecruiser x2  
  194  15:17  Planetary Fortress  
  192  15:30  Missile Turret  
Tags
 
Add a new tag
Caveats
  • Supply blocks, unpowered buildings, or Contaminate may cause inaccurate times.
  • Supply counts are checked every 10 seconds.